 Dungeon Crawl Stone Soup version 0.29-a0-284-gf9362112df (webtiles) character file.

Game seed: 13570470514501633699

28 Dabor the Digger (level 2, 0/20 HPs)
             Began as a Demigod Earth Elementalist on Mar 15, 2022.
             Slain by a hobgoblin (5 damage)
             ... on level 1 of the Dungeon.
             The game lasted 00:02:44 (895 turns).

Dabor the Digger (Demigod Earth Elementalist)        Turns: 895, Time: 00:02:44

Health: 0/20       AC:  2    Str:  9    XL:     2   Next: 75%
Magic:  7/7        EV: 12    Int: 17    God:
Gold:   18         SH:  0    Dex: 14    Spells: 4/5 levels left

rFire   . . .      SeeInvis .   g - +0 dagger
rCold   . . .      Faith    .   (no shield)
rNeg    . . .      Spirit   .   b - +0 robe
rPois   .          Reflect  .   (no helmet)
rElec   .          Harm     .   (no cloak)
rCorr   .          Rampage  .   (no gloves)
Will    .....                   (no boots)
Stlth   ++........              (no amulet)
HPRegen 0.06/turn               (no ring)
MPRegen 0.10/turn               (no ring)

@: no status effects
A: high MP 1, forlorn, divine attributes
a: no special abilities


You were on level 1 of the Dungeon.
You visited 1 branch of the dungeon, and saw 1 of its levels.

You collected 18 gold pieces.

Inventory:

Hand Weapons
 g - a +0 dagger (weapon)
Armour
 b - a +0 robe (worn)
Scrolls
 d - a scroll of summoning {unknown}
 e - 2 scrolls of silence {unknown}
 f - a scroll of identify {unknown}
Potions
 a - a potion of curing {unknown}
 c - a potion of magic


   Skills:
 + Level 0.0 Fighting
 + Level 0.3 Armour
 + Level 2.1 Dodging
 + Level 2.1 Stealth
 * Level 2.0 Spellcasting
 * Level 0.3 Conjurations
 - Level 1.1 Transmutations
 * Level 2.9 Earth Magic


You had 4 spell levels left.
You knew the following spells:

 Your Spells              Type           Power      Damage    Failure   Level
a - Sandblast             Erth           22%        2d7       6%          1

Your spell library contained the following spells:

 Spells                   Type           Power      Damage    Failure   Level
 Passwall                 Tmut/Erth      6%         N/A       13%         2
 Stone Arrow              Conj/Erth      14%        3d7       30%         3
 Petrify                  Tmut/Erth      8%         N/A       63%         4


Dungeon Overview and Level Annotations

Branches:
Dungeon (1/15)


Innate Abilities, Weirdness & Mutations

You have an increased reservoir of magic. (+10% MP)
You shall have no god before yourself.
Your divine heritage dramatically boosts your attributes as you level up.


Message History

You kill the endoplasm!
a - a sedimented pink potion You start resting.
You start resting.
HP restored.
Found a mace.
You see here a +0 dagger.
g - a +0 dagger
g - a +0 dagger (weapon)
A rat comes into view.
A rat is nearby!
Found 2 gold pieces and a whip.
A frilled lizard comes into view.
A hobgoblin comes into view.
The hobgoblin shouts!
The rat barely misses you.
You closely miss the rat. The rat bites you.
You hit the rat.
You kill the rat!
You see here a rat corpse.
A frilled lizard comes into view.
Found a scroll labelled HEG ZUXZAMN.
The hobgoblin hits you.
You barely miss the hobgoblin. The hobgoblin closely misses you.
You hit the hobgoblin but do no damage. The hobgoblin hits you.
You closely miss the hobgoblin. The hobgoblin hits you.
The frilled lizard unfolds its giant frill.
You are too injured to fight recklessly!
You are too injured to fight recklessly!
You see here a rat corpse.
The frilled lizard hisses angrily.
The hobgoblin attacks as you move away!
The hobgoblin hits you but does no damage.
The hobgoblin attacks as you move away! The hobgoblin hits you.
* * * LOW HITPOINT WARNING * * *
The hobgoblin attacks as you move away! The hobgoblin misses you.
The hobgoblin attacks as you move away! The hobgoblin closely misses you.
You hit the hobgoblin.
The hobgoblin is almost dead.
The hobgoblin hits you.
You die...

##.....###...#....#.#. #..#
##.......†......$
##.####.............##. ##..#
#...............# #. #...#
#........ll.....# #. #...#
#...............###. .. #...#
#...................## ... #[..#
#.........g........... .... #...#
#.........@..........# .... ##.##
##...............# #.##... #.#
###...............# #..#.### ##.#
#....#.........#### ##......
...###..###.##.....## ##).....
...#...###..##...#########.......
.......# #.##.....##..##.........
.....#####.#......##..##.........
....#####....#..##..##).##.÷.....


You could see a hobgoblin and 2 frilled lizards.

Vanquished Creatures
  2 ball pythons (D:1)
  7 endoplasms (D:1)
  A giant cockroach (D:1)
  3 goblins (D:1)
  2 hobgoblins (D:1)
  A kobold (D:1)
  A quokka (D:1)
  2 bats (D:1)
  3 rats (D:1)
22 creatures vanquished.

Notes
Turn   | Place    | Note
-------+----------+-------------------------------------------
     0 | D:1      | Dabor the Demigod Earth Elementalist began the quest for
                  | the Orb.
     0 | D:1      | Reached XP level 1. HP: 14/14 MP: 5/5
    14 | D:1      | Reached skill level 1 in Transmutations
    88 | D:1      | Reached XP level 2. HP: 10/20 MP: 0/7
   895 | D:1      | Slain by a hobgoblin

Illustrated notes

Levels and vault maps discovered:
D:1:      lightli_iron_boxes, layout_rooms

Skill      XL: |  1  2 |
---------------+-------+-----
Transmutations | 1 |  1.1
Stealth        | 2 |  2.1
Dodging        | 2 |  2.1
Spellcasting   | 2 |  2.0
Armour         | |  0.3
Conjurations   | |  0.3
Earth Magic    | |  2.9

Action                   || total
-------------------------++-------
Melee: Unarmed           ||    14
       Dagger            ||     6
 Cast: Sandblast         ||    30
Armor: Robe              ||     5
Dodge: Dodged            ||    31

Table legend: (Time is in decaauts)
 A = Elapsed time spent in this place.
 B = Non-inter-level travel time spent in this place.
 C = Inter-level travel time spent in this place.
 D = Time resting spent in this place.
 E = Time spent auto-exploring this place.
 F = Levels seen in this place.
 G = Mean time per level.
                   A        B        C        D        E       F      G
               +--------+--------+--------+--------+--------+-----+--------+
         Total |    894 |    894 |      0 |    295 |    359 |   1 |  894.0 |
       Dungeon |    894 |    894 |      0 |    295 |    359 |   1 |  894.0 |
               +--------+--------+--------+--------+--------+-----+--------+

Top non-repeatable levels by time:
     D:1: 894 daAuts
